AoeStats
← ၁၂/တန်းရှီ

Golden Pit

509609225Analyzed
1v1 RM · 6d ago on Sep 27, 2026· 16m 4s· 2 players
Game mode
Random Map
Map size
Tiny (2 player)
Population
200
Speed
Normal
Resources
Standard
Victory
Conquest
Starting age
Dark Age
Ending age
Imperial Age
RankedLock teamsTeams togetherTeam positionsShared explorationLock speedFull tech treeHidden civsTurbo modeCheats
Victory
Defeat
🇨🇳 Japanese · China
1113
+14
🇸🇬 Danes · Singapore
1062
-14
MonkeyYOLD
10:51 Feudal Age
14:25 Castle Age
12:19 Double-Bit Axe
13:18 Fletching
14:24 Loom
၁၂/တန်းရှီ
6:00 Loom
10:21 Feudal Age
11:51 Man-at-Arms
12:28 Man-at-Arms
13:27 Double-Bit Axe
13:33 Horse Collar
15:07 Arson
Connection lost

Rejoining the realm…

Still unreachable

The connection could not be restored.

Session expired

The server has moved on; the page needs a fresh start.